 Dungeon Crawl Stone Soup version 0.31-a0-986-g5e6e4ef867 (webtiles) character file.

Game seed: 15111132589460097825

599 Persephone the Chopper (level 7, -12/52 HPs)
             Began as a Demonspawn Berserker on Nov 8, 2023.
             Was a Believer of Trog.
             Mangled by an ogre
             ... wielding a +0 giant club
              (32 damage)
             ... on level 5 of the Dungeon.
             The game lasted 00:03:20 (2423 turns).

Persephone the Chopper (Demonspawn Berserker)       Turns: 2423, Time: 00:03:20

Health: -12/52     AC:  2    Str: 20    XL:     7   Next: 17%
Magic:  7/7        EV:  8    Int:  8    God:    Trog [**....]
Gold:   217        SH:  0    Dex: 12    Spells: 6/6 levels left

rFire   . . .        a - +0 hand axe
rCold   + . .        (no shield)
rNeg    . . .        l - +2 chain mail {rC+}
rPois   .            (no helmet)
rElec   .            (no cloak)
rCorr   .            (no gloves)
SInv    .            (no boots)
Will    .....        (no amulet) Stlth
                     (no ring)
HPRegen 0.28/turn    (no ring)
MPRegen 0.10/turn

%: no passive effects
@: corroded, on berserk cooldown
A: hooves 1, spiny 1
a: Renounce Religion, Berserk, Trog's Hand


You were on level 5 of the Dungeon.
You worshipped Trog.
Trog was pleased with you.
You visited 1 branch of the dungeon, and saw 4 of its levels.

You collected 217 gold pieces.

Inventory:

Hand Weapons
 a - a +0 hand axe (weapon)
Missiles
 p - 5 boomerangs
Armour
 l - a +2 chain mail of cold resistance (worn)
Wands
 o - a wand of charming (3)
Scrolls
 b - a scroll of enchant armour {unknown}
 c - a scroll of acquirement {unknown}
 d - a scroll of immolation {unknown}
 e - a scroll of summoning {unknown}
 f - 2 scrolls of identify {unknown}
 j - a scroll of fog {unknown}
 k - a scroll of poison {unknown}
 n - a scroll of noise {unknown}
Potions
 g - 3 potions of curing {unknown}
 h - a potion of ambrosia {unknown}
 i - 2 potions of heal wounds {unknown}
 m - a potion of haste {unknown}


   Skills:
 - Level 3.0 Fighting
 + Level 7.6 Axes
 - Level 1.7 Armour
 - Level 1.7 Dodging


You had 6 spell levels left.
You didn't know any spells.
Your spell library was empty.

Dungeon Overview and Level Annotations

Branches:
Dungeon (5/15)             Temple (0/1) D:5

Altars:
Wu Jian


Innate Abilities, Weirdness & Mutations

You have large cloven feet.
You are partially covered in sharp spines.


Message History

Trog accepts your kill.
Things that are here:
a +0 dagger; a +0 robe You feel a strong urge to attack something.
A nearby plant withers and dies.
You are no longer berserk.
You are exhausted.
You feel yourself slow down.
You enter the shallow water.
Moving in this stuff is going to be slow.
Your skin crawls.
You feel strong-willed.
You hear the slow rusting of a very distant drain.
You feel the effects of Trog's Hand fading.
Your skin stops crawling.
You feel less strong-willed.
A jelly comes into view.
The jelly quivers.
You feel yourself speed up. The jelly is struck by your spines.
The jelly hits you. The acid corrodes you!
You are splashed with acid!
The jelly is struck by your spines. The jelly hits you. The acid corrodes you!
You are splashed with acid!
You hit the jelly but do no damage.
Your hands burn!
Your kick misses the jelly.
The jelly is severely wounded.
The jelly is struck by your spines.
You kill the jelly!
Trog accepts your kill.
Unknown command.
An orc comes into view. It is wielding a +0 club.
An ogre comes into view. It is wielding a +0 giant club.
The orc is struck by your spines. The orc barely misses you.
You hit the orc.
You kill the orc!
Trog accepts your kill.
You hit the plant.
The plant begins to die.
You hit the ogre but do no damage. Your kick misses the ogre.
You hit the plant. The ogre is struck by your spines.
The ogre hits you with a +0 giant club!!
Ouch! That really hurt!
You die...

#♣~♣♣♣~## ♣~~~~~~~###
#♣P~~~~~~~P♣♣ ##
###~~~P≈≈≈≈~~~♣♣~#
..~~~~~P≈~≈≈~PP~~♣#
))~~PP~P~~~PP~~P~P♣
)~)~.~~♣~~~~P~P~~♣
..........~.~~♣P♣#######
................@O......
~~~.~.....)...........##
~♣~P~~~~.~P.....!.....#
.♣♣PP~P~~PP~♣....[....#
..♣~~~P~~~~P..........#
..)♣♣♣♣♣♣♣♣.............
....♣♣♣ ..............#
........ ..............#
........


You could see an ogre.

Vanquished Creatures
  Pargi (D:3)
  An ogre (D:5)
  A phantom (D:5)
  A water moccasin zombie (D:5)
  A bullfrog zombie (D:5)
  A jelly (D:5)
  Jessica (D:2)
  Natasha (twice) (D:3)
  Terence (D:2)
  An iguana (D:5)
  An orc wizard (D:5)
  5 adders
  3 worms (D:2)
  A dart slug (D:1)
  3 orcs
  4 ball pythons
  3 bats
  4 endoplasms
  4 giant cockroaches
  5 goblins
  A hobgoblin (D:2)
  7 kobolds
  3 quokkas
  4 frilled lizards
  8 rats
67 creatures vanquished.

Vanquished Creatures (others)
  An orc wizard (D:5)
1 creature vanquished.

Grand Total: 68 creatures vanquished

Notes
Turn   | Place    | Note
-------+----------+-------------------------------------------
     0 | D:1      | Persephone the Demonspawn Berserker began the quest for the
                  | Orb.
     0 | D:1      | Reached XP level 1. HP: 18/18 MP: 1/1
    53 | D:1      | Reached skill level 3 in Axes
   182 | D:1      | Gained mutation: You have large cloven feet. [demonic
                  | ancestry]
   182 | D:1      | Reached XP level 2. HP: 22/24 MP: 2/2
   307 | D:1      | Found a faded altar of an unknown god.
   755 | D:2      | Reached ** piety under Trog
   838 | D:2      | Reached XP level 3. HP: 29/29 MP: 3/3
   864 | D:2      | Reached skill level 4 in Axes
  1419 | D:2      | Gained mutation: You are partially covered in sharp spines.
                  | [demonic ancestry]
  1419 | D:2      | Reached XP level 4. HP: 35/35 MP: 4/4
  1457 | D:2      | Noticed Jessica
  1457 | D:2      | Noticed Terence
  1460 | D:2      | Killed Jessica
  1468 | D:2      | Killed Terence
  1469 | D:2      | Reached skill level 5 in Axes
  1811 | D:3      | Noticed Pargi
  1826 | D:3      | Killed Pargi
  1827 | D:3      | Reached XP level 5. HP: 41/41 MP: 5/5
  1892 | D:3      | Reached skill level 6 in Axes
  1945 | D:3      | Found an ornate altar of the Wu Jian Council.
  2150 | D:3      | Noticed Natasha
  2158 | D:3      | Killed Natasha
  2159 | D:3      | Reached XP level 6. HP: 43/47 MP: 6/6
  2230 | D:3      | Noticed Natasha
  2235 | D:3      | Killed Natasha
  2255 | D:3      | You fall into a shaft and drop 2 floors!
  2255 | D:5      | Entered Level 5 of the Dungeon
  2265 | D:5      | Found a staircase to the Ecumenical Temple.
  2359 | D:5      | Reached skill level 7 in Axes
  2393 | D:5      | Reached XP level 7. HP: 43/52 MP: 7/7
  2423 | D:5      | Mangled by an ogre

Illustrated notes

Levels and vault maps discovered:
D:1:      heliophobic_arrival_battle_scene, layout_basic,
          shapermc_ecumenical_altar_hornbeckon, st_stairs_3
D:2:      wad_pebble_path, layout_basic, uniq_jessica, uniq_terence
D:3:      layout_rooms, nzn_wu_jian_contemplation, uniq_natasha, uniq_pargi
D:5:      layout_basic, lemuel_zombie_altar_yredelemnul,
          minmay_temple_entry_butterflies, serial_bayou, serial_bayou_ford_a,
          serial_bayou_pond_e, serial_bayou_lagoon_a, serial_bayou_pond_d,
          portal_sewer_entry_d, hangedman_abyss_or_decor_passed

Skill      XL: |  1  2  3  4  5  6 |
---------------+-------------------+-----
Axes           | 3 4 5 6 7 |  7.6
Fighting       | |  3.0
Armour         | |  1.7
Dodging        | |  1.7

Action                     |  1- 3 |  4- 6 |  7- 9 || total
---------------------------+-------+-------+-------++-------
  Melee: Hand axe          |   101 |    82 |     8 ||   191
         Kick              |    10 |    26 |       ||    36
         Punch             |     1 |     1 |       ||     2
  Throw: Boomerang         |    27 |    22 |       ||    49
 Invoke: Berserk           |       |     2 |       ||     2
         Trog's Hand       |       |       |     1 ||     1
   Stab: Sleeping          |     1 |       |       ||     1
 Armour: Animal skin       |    22 |       |       ||    22
         Scale mail        |    32 |       |       ||    32
         Chain mail        |     2 |    64 |     8 ||    74
  Dodge: Dodged            |    59 |    28 |     2 ||    89

Table legend: (Time is in decaauts)
 A = Elapsed time spent in this place.
 B = Non-inter-level travel time spent in this place.
 C = Inter-level travel time spent in this place.
 D = Time resting spent in this place.
 E = Time spent auto-exploring this place.
 F = Levels seen in this place.
 G = Mean time per level.
                   A        B        C        D        E       F      G
               +--------+--------+--------+--------+--------+-----+--------+
         Total |   2483 |   2415 |     68 |      0 |   1770 |   4 |  620.8 |
       Dungeon |   2483 |   2415 |     68 |      0 |   1770 |   4 |  620.8 |
               +--------+--------+--------+--------+--------+-----+--------+

Top non-repeatable levels by time:
     D:2: 1143 daAuts
     D:1: 763 daAuts
     D:3: 396 daAuts
     D:5: 179 daAuts
